 Dungeon Sprint DCSS version 0.18.1-48-g4cf74bf (webtiles) character file.

835 Joat the Fighter (level 7, 0/74 HPs)
             Began as a Black Draconian Chaos Knight on July 27, 2016.
             Killed themself with a bounced zap (1 damage)
             ... in the Dungeon (Sprint I: "Red Sonja").
             The game lasted 00:09:26 (529 turns).

Joat the Fighter (Black Draconian Chaos Knight)      Turns: 529, Time: 00:09:26

Health: 0/74       AC:  6    Str: 16    XL:     7   Next: 66%
Magic:  7/7        EV: 14    Int: 13    God:    Xom [..*...]
Gold:   270        SH:  0    Dex: 10    Spells: 0 memorised, 6 levels left

rFire  . . .     SeeInvis .     a - +0 hand axe (chaos)
rCold  . . .     Gourm    .     (armour unavailable)
rNeg   . . .     Faith    .     (no shield)
rPois  .         Spirit   .     (helmet restricted)
rElec  +         Dismiss  .     (no cloak)
rCorr  .         Reflect  .     (no gloves)
SustAt .         Harm     .     (no boots)
MR     .....     NoTele   +     (no amulet)
Stlth  +++.......               (no ring)
                                (no ring)

@: not resistant to hostile enchantments, fairly stealthy
A: breathe lightning, unfitting armour, electricity resistance, cold-blooded, AC
+6
a: Breathe Lightning, Renounce Religion


You were in the Dungeon.
You worshipped Xom.
You were a toy of Xom.
You were not hungry.

You visited 1 branch You collected 270 gold pieces.

Inventory:

Hand Weapons
 a - a +0 hand axe of chaos (weapon)
 j - a +0 scythe
Wands
 i - a wand of polymorph (3/24)
Scrolls
 h - a scroll of blinking
Potions
 c - a potion of curing
 d - a potion of heal wounds
 e - a potion of haste
 f - 2 potions of magic
 g - a potion of berserk rage
Comestibles
 b - a bread ration


   Skills:
 + Level 11.0 Fighting
 + Level 10.4 Axes
 + Level 7.2 Dodging
 + Level 5.9 Stealth


You had 6 spell levels left.
You didn't know any spells.

Dungeon Overview and Level Annotations

Branches:
Dungeon (1/1)

Altars:
Cheibriados
Dithmenos
Fedhas
Jiyva


Innate Abilities, Weirdness & Mutations

You can breathe wild blasts of lightning.
Your glossy black scales are hard (AC +6).
Your body does not fit into most forms of armour.
You are resistant to electric shocks.
You are cold-blooded and may be slowed by cold attacks.


Message History

The orb of electricity engulfs the kobold demonologist.
You kill the kobold demonologist!
Your Fighting skill increases to level 11!
Your Axes skill increases to level 10!
Your Dodging skill increases to level 7!
Your Stealth skill increases to level 5!
The orb of electricity engulfs the soul eater.
The soul eater is heavily wounded.
The orb of electricity engulfs the shadow imp.
The shadow imp appears unharmed.
The shadow imp is moderately wounded.
The orb of electricity engulfs the orange demon.
The orange demon is severely wounded.
The orb of electricity engulfs the ynoxinul.
The ynoxinul resists.
The ynoxinul is lightly wounded.
You hear a mighty clap of thunder!
The bolt of lightning misses you. The zap hits you! You resist.
You die...
Xom roars with laughter!

##########################
#<.#..'..#[.'..#_5#55'...#
#..').#.)'..#.@4345K5#...#
#..#####'#####+#33####.5.+
#..# #..# #### #### #..#
#### #..# #⌠⌠# ####


You could see a soul eater, an orange demon, a kobold demonologist, a sixfirhy,
a ynoxinul, a chaos spawn, 4 shadow imps and an ufetubus.

Vanquished Creatures
  A kobold demonologist (D)
  A slime creature (D)
  Sigmund (D)
  A giant eyeball (D)
  An ogre (D)
  Ijyb (D)
6 creatures vanquished.

Vanquished Creatures (others)
  A gargoyle (D)
1 creature vanquished.

Grand Total: 7 creatures vanquished

Notes
Turn   | Place    | Note
--------------------------------------------------------------
     0 | D        | Joat the Draconian Chaos Knight began the quest for the Orb.
     0 | D        | Reached XP level 1. HP: 19/19 MP: 1/1
     1 | D        | Noticed Ijyb
     1 | D        | XOM: potion effect (invisibility)
    10 | D        | Killed Ijyb
    10 | D        | Reached skill level 5 in Fighting
    10 | D        | Reached XP level 2. HP: 26/29 MP: 2/2
    14 | D        | Noticed an ogre
    23 | D        | Killed an ogre
    23 | D        | Reached skill level 6 in Fighting
    23 | D        | Reached XP level 3. HP: 13/38 MP: 3/3
    23 | D        | Reached XP level 4. HP: 15/45 MP: 4/4
    40 | D        | Noticed Sigmund
   238 | D        | XOM: silly message
   254 | D        | Killed Sigmund
   254 | D        | Reached skill level 8 in Fighting
   254 | D        | Reached skill level 5 in Dodging
   254 | D        | Reached XP level 5. HP: 54/56 MP: 5/5
   254 | D        | Reached XP level 6. HP: 60/62 MP: 6/6
   288 | D        | Found a snail-covered altar of Cheibriados.
   288 | D        | Found a viscous altar of Jiyva.
   288 | D        | Found a shadowy altar of Dithmenos.
   288 | D        | Found a blossoming altar of Fedhas.
   288 | D        | Noticed a slime creature
   304 | D        | Killed a slime creature
   304 | D        | Reached skill level 10 in Fighting
   308 | D        | XOM: smoke on damage
   442 | D        | XOM: harmless Tloc miscast
   478 | D        | Killed a gargoyle
   497 | D        | Noticed a kobold demonologist
   497 | D        | Noticed a giant eyeball
   498 | D        | Noticed a kobold demonologist
   501 | D        | Killed a giant eyeball
   501 | D        | Your scales start taking on a glossy black colour.
   501 | D        | Reached XP level 7. HP: 73/73 MP: 7/7
   501 | D        | Gained mutation: You are resistant to electric shocks. [Black Draconian growth]
   503 | D        | Noticed a red devil
   510 | D        | Noticed a sixfirhy
   512 | D        | Noticed a chaos spawn
   516 | D        | Noticed a soul eater
   519 | D        | Noticed an orange demon
   522 | D        | Noticed a ynoxinul
   526 | D        | Noticed a sixfirhy
   529 | D        | HP: 1/73 [bounced beam (4)]
   529 | D        | Killed a kobold demonologist
   529 | D        | Reached skill level 11 in Fighting
   529 | D        | Reached skill level 10 in Axes
   529 | D        | Reached skill level 5 in Stealth
   529 | D        | Killed themself with a bounced zap

Skill      XL: |  1  2  3  4  5  6  7 |
---------------+----------------------+-----
Fighting       | 5 6 8 10 11 | 11.0
Axes           | 4 6 8 9 10 | 10.4
Dodging        | 3 4 5 6 7 |  7.2
Stealth        | 2 3 4 5 |  5.9

Action                   |  1- 3 |  4- 6 |  7- 9 || total
-------------------------+-------+-------+-------++-------
Melee: Hand axe          |    14 |    22 |    15 ||    51
       Tailslap          |     1 |     2 |     2 ||     5
       Unarmed           |       |     5 |       ||     5
 Abil: Breathe Lightning |       |       |     1 ||     1
 Stab: Invisible         |     2 |       |       ||     2
       Sleeping          |     1 |     1 |       ||     2
       Paralysed         |       |       |     2 ||     2
Armor: Skin              |     1 |     2 |     5 ||     8
Dodge: Dodged            |    10 |    13 |    25 ||    48
